AoeStats
← Roby9719

MegaRandom

505523919Analyzed
1v1 RM · 23d ago on Sep 9, 2026· 48m 40s· 2 players
Game mode
Random Map
Map size
Tiny (2 player)
Population
200
Speed
Normal
Resources
Standard
Victory
Conquest
Starting age
Dark Age
Ending age
Imperial Age
RankedLock teamsTeams togetherTeam positionsShared explorationLock speedFull tech treeHidden civsTurbo modeCheats
Victory
Defeat
🇮🇹 Sicilians · Italy
700
+18
🇩🇰 Goths · Denmark
746
-18
Roby9719
10:17 Loom
13:43 Feudal Age
14:43 Double-Bit Axe
14:41 Horse Collar
15:22 Gold Mining
15:26 Stone Mining
16:24 Arson
26:04 Castle Age
24:45 Scale Mail Armor
25:36 Forging
25:31 Fletching
27:47 Squires
27:51 Heavy Plow
33:41 Imperial Age
32:12 Man-at-Arms
32:53 Long Swordsman
35:05 Chain Mail Armor
35:23 Two-Handed Swordsman
36:16 Capped Ram
40:23 Bow Saw
39:50 Pikeman
44:20 Wheelbarrow
43:46 Champion
45:27 Conscription
GoatToke
0:30 Loom
13:11 Feudal Age
13:46 Double-Bit Axe
16:18 Wheelbarrow
19:06 Castle Age
16:59 Gold Mining
17:43 Horse Collar
17:56 Stone Mining
18:10 Scale Mail Armor
19:10 Fletching
20:58 Bodkin Arrow
26:28 Forging
26:16 Town Watch
27:59 Chain Mail Armor
30:42 Iron Casting
38:33 Imperial Age
44:19 Anarchy
45:20 Conscription
46:52 Blast Furnace
47:16 Squires
Connection lost

Rejoining the realm…

Still unreachable

The connection could not be restored.

Session expired

The server has moved on; the page needs a fresh start.